 Dungeon Crawl Stone Soup version 0.20.1-1-g8b1a95d (webtiles) character file.

1634 Chaoticas the Cleaver (level 8, 5/58 HPs)
             Began as a Demonspawn Fighter on July 24, 2017.
             Quit the game on level 7 of the Dungeon.
             The game lasted 00:16:07 (5871 turns).

Chaoticas the Cleaver (Demonspawn Fighter)          Turns: 5871, Time: 00:16:08

Health: 5/58       AC: 12    Str: 17 (20) XL:     8   Next: 66%
Magic:  8/8        EV:  4    Int:  6 (9)  God:
Gold:   397        SH:  8    Dex: 11 (12) Spells: 7/7 levels left

rFire    + . .     SeeInvis .   a - +0 war axe
rCold    + . .     Gourm    .   c - +0 shield
rNeg     . . .     Faith    .   s - +0 chain mail
rPois    +         Spirit   .   (helmet restricted)
rElec    +         Reflect  .   (no cloak)
rCorr    +         Harm     .   l - +0 pair of gloves
MR       .....                  (no boots)
Stlth    ..........             (no amulet)
Regen    0.2/turn               h - ring of flight
MPRegen  0.2/turn               (no ring)

@: lethally poisoned (5 -> -16), resistant
A: antennae 1, talons 1, iridescent scales 1, demonic guardian 1, deterioration
1, nightstalker 1, wild magic 1
a: Evoke Flight


You were on level 7 of the Dungeon.
You were not hungry.

You visited 1 branch of the dungeon, and saw 7 of its levels.
You also visited: Ossuary.

You collected 397 gold pieces.

Inventory:

Hand Weapons
 a - a +0 war axe (weapon)
 C - a +1 trident of piercing
   (You found it on level 5 of the Dungeon)
Missiles
 k - 6 tomahawks (quivered)
Armour
 c - a +0 shield (worn)
 l - a +0 pair of gloves (worn)
   (You found it on level 2 of the Dungeon)
 s - a +0 chain mail (worn)
   (You found it on level 3 of the Dungeon)
Jewellery
 b - the ring of Ixzoddes {rCorr Int+3 Dex+2, unknown}
   (You found it on level 4 of the Dungeon)

   [ring of resist corrosion]

   It affects your intelligence (+3).
   It affects your dexterity (+2).
 h - a ring of flight (left hand)
   (You found it on level 1 of the Dungeon)
 u - a +6 ring of evasion {unknown}
   (You found it on level 4 of the Dungeon)
 y - an uncursed ring of protection from magic {unknown}
   (You found it on level 4 of the Dungeon)
Wands
 A - a wand of enslavement (10/24)
   (You found it on level 5 of the Dungeon)
 E - a wand of polymorph (13/24)
   (You found it on level 7 of the Dungeon)
Scrolls
 e - 3 scrolls of noise {unknown}
 j - 7 scrolls of identify {unknown}
 m - 3 scrolls of immolation {unknown}
 n - 2 scrolls of fog {unknown}
 o - 2 scrolls of recharging {unknown}
 r - 2 scrolls of remove curse {@r2}
 B - 3 scrolls of enchant weapon {unknown}
 D - a scroll of random uselessness {unknown}
 H - a scroll of magic mapping
Potions
 d - a potion of might
 g - 2 potions of degeneration {!q}
 z - 3 potions of cancellation
 F - a potion of agility
Books
 v - a book of Cantrips
   (You found it on level 4 of the Dungeon)
Comestibles
 i - 3 royal jellies
 p - 7 fruits
 q - 3 bread rations
 x - 2 meat rations
 I - 5 chunks of flesh


   Skills:
 - Level 3.0 Fighting
 * Level 10.2 Axes
 - Level 2.6 Armour
 - Level 2.6 Shields


You had 7 spell levels left.
You didn't know any spells.

Dungeon Overview and Level Annotations

Branches:
Dungeon (7/15)
 Temple: D:4-7

Altars:
Ashenzari
Dithmenos
Elyvilon
Kikubaaqudgha
Makhleb
Sif Muna
Vehumet
The Shining One


Innate Abilities, Weirdness & Mutations

You have sharp toenails.
You are partially covered in iridescent scales. (AC +2)
A weak demonic guardian rushes to your aid.
You are slightly more attuned to the shadows.
You have a pair of small antennae on your head.
Your body sometimes deteriorates upon taking damage.
Your spells are a little harder to cast, but a little more powerful.


Message History

You feel very sick.
The killer bee stings you but does no damage.
Your ufetubus misses the killer bee.
Your ufetubus barely misses the killer bee.
You block the killer bee's attack.
You swap places.
* * * LOW HITPOINT WARNING * * *
You feel sick. You block the killer bee's attack.
Your ufetubus misses the killer bee.
Your ufetubus closely misses the killer bee.
You block the killer bee's attack.
You see here a killer bee corpse.
You closely miss the killer bee.
* * * LOW HITPOINT WARNING * * *
You feel sick.
Your ufetubus misses the killer bee.
Your ufetubus barely misses the killer bee.
The killer bee stings you.
* * * LOW HITPOINT WARNING * * *
You are more poisoned.
The killer bee poisons you!
Your ufetubus barely misses the killer bee.
Your ufetubus misses the killer bee. You block the killer bee's attack.
It was a potion of resistance.
You feel protected.
* * * LOW HITPOINT WARNING * * *
You feel sick.
The killer bee stings you but does no damage.
Your ufetubus barely misses the killer bee.
Your ufetubus completely misses the killer bee.
You block the killer bee's attack.
Your shield and chain mail prevent you from hitting the killer bee.
Your kick misses the killer bee.
* * * LOW HITPOINT WARNING * * *
You feel sick.
Your ufetubus hits the killer bee. Your ufetubus misses the killer bee.
You block the killer bee's attack.
Your ufetubus hits the killer bee.
Your ufetubus closely misses the killer bee.
You block the killer bee's attack.
Unknown command.
Wield which item (- for none, * to show all)? (? for menu, Esc to quit)
Okay, then.
It was a potion of mutation.
You feel extremely strange.
You feel less in control of your magic.
You feel yourself wasting away. A pair of antennae grows on your head!
* * * LOW HITPOINT WARNING * * *
You feel sick.
The killer bee stings you but does no damage.
Your ufetubus closely misses the killer bee.
Your ufetubus completely misses the killer bee.
The killer bee barely misses you.

#.....##.....##
###.....##.......
#......))y.......
#......(##.......
#.....y(##.......
#...######....... #...#
#....... ###...#
#....... #5@...#
#....... #y#...##
#....... #...#..##
******** ##..###..##
*,,,,, ##..##.##..##
*,,,,, ##..###'###..##
*,,,,,
##..#.......#..####****
##..###.....###....#
##..##.##...##.##...#


You could see a killer bee and a friendly ufetubus.

Vanquished Creatures
  A hippogriff (D:7)
  An ice beast (D:7)
  A centaur (D:7)
  An elf zombie (Ossuary)
  A gnoll sergeant (D:7)
  3 killer bees (D:7)
  2 howler monkeys (D:7)
  A crimson imp (D:5)
  A bullfrog skeleton (D:5)
  An orc priest (D:3)
  3 hounds
  4 orc wizards
  2 human zombies (Ossuary)
  An iguana (D:5)
  2 worker ants (D:7)
  2 big kobold zombies (Ossuary)
  3 mummies
  A worker ant zombie (D:7)
  5 adders
  5 gnolls (D:7)
  A howler monkey skeleton (D:5)
  An ooze (D:4)
  An adder zombie (Ossuary)
  An adder skeleton (D:5)
  2 worms (D:3)
  2 dart slugs (D:4)
  2 leopard geckos
  11 orcs
  4 giant cockroaches
  6 hobgoblins
  8 jackals
  2 quokkas (D:5)
  2 ball pythons
  7 bats
  4 frilled lizards
  8 goblins
  A goblin zombie (Ossuary)
  11 hobgoblin zombies
  A jackal zombie (Ossuary)
  5 kobolds
  9 kobold zombies
  A leopard gecko skeleton (D:4)
  7 orc zombies (Ossuary)
  9 rats
  2 rat zombies (Ossuary)
149 creatures vanquished.

Vanquished Creatures (collateral kills)
  3 ogres (D:5)
  A sky beast (D:4)
  A centaur (D:5)
  A howler monkey (D:7)
  A hound (D:3)
  An orc priest (D:5)
  A big kobold zombie (Ossuary)
  5 orcs
  A frilled lizard (D:5)
  2 kobolds (D:3)
17 creatures vanquished.

Grand Total: 166 creatures vanquished

Notes
Turn   | Place    | Note
-------+----------+-------------------------------------------
     0 | D:1      | Chaoticas the Demonspawn Fighter began the quest for the Orb.
     0 | D:1      | Reached XP level 1. HP: 18/18 MP: 1/1
     6 | D:1      | Noticed a redback
     6 | D:1      | Noticed an anaconda
     7 | D:1      | Noticed a swamp worm
     7 | D:1      | Noticed a rime drake
   124 | D:1      | Reached skill level 2 in Axes
   251 | D:1      | Gained mutation: You are slightly more attuned to the shadows. [demonic ancestry]
   251 | D:1      | Reached XP level 2. HP: 15/24 MP: 2/2
   796 | D:2      | Reached skill level 3 in Axes
  1046 | D:2      | Gained mutation: A weak demonic guardian rushes to your aid. [demonic ancestry]
  1046 | D:2      | Reached XP level 3. HP: 27/29 MP: 3/3
  1609 | D:3      | Reached XP level 4. HP: 11/35 MP: 4/4
  1808 | D:3      | Reached skill level 4 in Axes
  2392 | D:3      | Gained mutation: You are partially covered in iridescent scales. (AC +2) [demonic ancestry]
  2392 | D:3      | Reached XP level 5. HP: 7/41 MP: 5/5
  2688 | D:3      | Found a shattered altar of Ashenzari.
  2937 | D:4      | Got a translucent copper ring
  3044 | D:4      | Noticed a sky beast
  3054 | D:4      | Killed a sky beast
  3054 | D:4      | Reached skill level 5 in Axes
  3623 | D:5      | Entered Level 5 of the Dungeon
  3625 | D:5      | Reached XP level 6. HP: 47/47 MP: 6/6
  3641 | D:5      | Reached skill level 6 in Axes
  3787 | D:5      | Found a shadowy altar of Dithmenos.
  3976 | D:5      | Found a white marble altar of Elyvilon.
  4088 | D:5      | Reached skill level 7 in Axes
  4088 | D:5      | Reached XP level 7. HP: 52/52 MP: 7/7
  4371 | D:5      | Found a burning altar of Makhleb.
  4687 | D:5      | You fall through a shaft!
  4687 | D:6      | Found a glowing golden altar of the Shining One.
  4727 | D:7      | Reached skill level 8 in Axes
  4770 | D:7      | Noticed a hippogriff
  4780 | D:7      | Killed a hippogriff
  4934 | D:7      | Gained mutation: You have sharp toenails. [demonic ancestry]
  4934 | D:7      | Reached XP level 8. HP: 40/58 MP: 8/8
  5084 | D:7      | Found a sand-covered staircase.
  5090 | Ossuary  | Entered an ossuary
  5220 | Ossuary  | Reached skill level 9 in Axes
  5555 | D:7      | Found a deep blue altar of Sif Muna.
  5568 | D:7      | Found an ancient bone altar of Kikubaaqudgha.
  5580 | D:7      | Found a radiant altar of Vehumet.
  5697 | D:7      | Reached skill level 10 in Axes
  5870 | D:7      | Gained mutation: Your spells are a little harder to cast, but a little more powerful. [potion of mutation]
  5870 | D:7      | Gained mutation: Your body sometimes deteriorates upon taking damage. [potion of mutation]
  5870 | D:7      | Gained mutation: You have a pair of small antennae on your head. [potion of mutation]
  5871 | D:7      | Quit the game

Skill      XL: |  1  2  3  4  5  6  7  8 |
---------------+-------------------------+-----
Axes           | 2 3 4 5 7 8 10 | 10.2
Fighting       | |  3.0
Armour         | |  2.6
Shields        | |  2.6

Action                   |  1- 3 |  4- 6 |  7- 9 || total
-------------------------+-------+-------+-------++-------
Melee: War axe           |   165 |   168 |   197 ||   530
       Kick              |       |       |    43 ||    43
  Use: Potion            |       |       |     9 ||     9
       Scroll            |       |       |     2 ||     2
 Stab: Distracted        |       |     2 |     5 ||     7
  Eat: Chunk             |     2 |     8 |     5 ||    15
       Fruit             |       |       |     2 ||     2
Armor: Scale mail        |    96 |    21 |       ||   117
       Chain mail        |       |    79 |   143 ||   222
Dodge: Dodged            |    59 |    34 |    45 ||   138
Block: Shield            |    90 |    63 |   122 ||   275
